 Dungeon Crawl Stone Soup version 0.27-a0-421-g7ddf969dea (webtiles) character file.

Game seed: 6423095377776228596

2565 kae the Martial Artist (level 9, -1/71 HPs)
             Began as a Demonspawn Monk on Feb 26, 2021.
             Was a Believer of Uskayaw.
             Slain by a gargoyle
             ... wielding a +0 mace
              (11 damage)
             ... on level 8 of the Dungeon.
             The game lasted 00:07:19 (11944 turns).

kae the Martial Artist (Demonspawn Monk)           Turns: 11944, Time: 00:07:20

Health: -1/71      AC:  4    Str: 15    XL:     9   Next: 31%
Magic:  13/13      EV: 13    Int: 12    God:    Uskayaw [**....]
Gold:   293        SH:  8    Dex: 15    Spells: 8/8 levels left

rFire    . . .     SeeInvis .     - Unarmed
rCold    . . .     Faith    .   d - +3 buckler
rNeg     . . .     Spirit   .   a - +0 robe
rPois    .         Reflect  .   (helmet restricted)
rElec    .         Harm     .   (no cloak)
rCorr    .         Rampage  .   p - +0 pair of gloves
Will     .....                  (no boots)
Stlth    ++........             (no amulet)
HPRegen  0.21/turn              (no ring)
MPRegen  0.13/turn              (no ring)

@: no status effects
A: horns 2, ignite blood 2, sharp scales 1
a: Renounce Religion, Stomp, Line Pass


You were on level 8 of the Dungeon.
You worshipped Uskayaw.
Uskayaw was noncommittal.
You visited 2 branches of the dungeon, and saw 9 of its levels.

You collected 417 gold pieces.
You spent 124 gold pieces at shops.

Inventory:

Armour
 a - a +0 robe (worn)
 d - a +3 buckler (worn)
 p - a +0 pair of gloves (worn)
Jewellery
 w - a ring of fire
Wands
 f - a wand of flame (18)
 t - a wand of paralysis (7)
 x - a wand of iceblast (8)
Scrolls
 b - a scroll of enchant armour
 j - 3 scrolls of teleportation
 m - a scroll of amnesia
 q - 3 scrolls of identify
 u - a scroll of enchant weapon
Potions
 c - 2 potions of haste
 e - 3 potions of mutation
 g - 3 potions of curing
 h - a potion of flight
 i - a potion of berserk rage
 k - a potion of brilliance
 l - 2 potions of ambrosia
 n - 5 potions of lignification
 o - 4 potions of attraction {unknown}
 r - a potion of heal wounds {unknown}
 s - 2 potions of might
 v - a potion of resistance {unknown}
 z - a potion of degeneration


   Skills:
 + Level 6.9 Fighting
 - Level 2.6 Dodging
 - Level 1.7 Stealth
 - Level 4.0 Shields
 * Level 8.6 Unarmed Combat
 + Level 6.1 Invocations


You had 8 spell levels left.
You didn't know any spells.
Your spell library was empty.

Dungeon Overview and Level Annotations

Branches:
Dungeon (8/15)             Temple (1/1) D:5
   Lair: D:8-11

Altars:
Ashenzari
Cheibriados
Dithmenos
Elyvilon
Fedhas
Gozag
Hepliaklqana
Kikubaaqudgha
Makhleb
Nemelex Xobeh
Okawaru
Qazlal
Ru
Sif Muna
Trog
Uskayaw
Vehumet
Wu Jian
Xom
Yredelemnul
Zin
The Shining One

Shops:
D:6 (   D:7 !**[

Annotations:
D:3 exclusion: 2 killer bees


Innate Abilities, Weirdness & Mutations

You have a pair of horns on your head.
Your demonic aura often causes spilled blood to erupt in flames You are partially covered in razor-sharp scales. (AC +1, Slay +1)


Message History

The scorpion stings you.
You closely miss the scorpion.
The scorpion is moderately wounded.
You punch the scorpion!
The scorpion is almost dead.
The scorpion stings you!
You can now pass through a line of other dancers.
You closely miss the scorpion. You headbutt the scorpion.
You kill the scorpion!
The gargoyle hurls a stone arrow at you.
The stone arrow hits you!!
There is a stone staircase leading up, spattered with blood here.
Things that are here:
a +0 mace; a +0 ring mail You climb upwards.
There is a stone staircase leading down here.
You start resting.
You can no longer pass through a line of other dancers.
HP restored.
You climb downwards.
There is a stone staircase leading up, spattered with blood here.
Things that are here:
a +0 ring mail; a +0 mace The gargoyle hurls a stone arrow at you.
The stone arrow hits you!!
You hit the gargoyle.
You headbutt the gargoyle, but do no damage.
The gargoyle is lightly damaged.
The gargoyle hurls a stone arrow at you.
The stone arrow hits you!!
* * * LOW HITPOINT WARNING * * *
You punch the gargoyle!
The gargoyle is moderately damaged.
The gargoyle hits you with a +0 mace!
* * * LOW HITPOINT WARNING * * *
You can now pass through a line of other dancers.
You hit the gargoyle.
The gargoyle is heavily damaged.
The gargoyle hits you with a +0 mace!
You die...

..(# #
#..##### #.
#).....#
#..##.####.#
#......!...###
#...#)###.....
#...#<[...###
##. #.........
#. #@......##
# #9#####..#
#.# .. ..# 5
.... .....
..$!..#
.......#
#.......#


You could see a gargoyle.

Vanquished Creatures
  Sigmund (D:4)
  2 humans (D:7)
  Duvessa (D:7)
  An ice beast (D:6)
  An orc warrior (D:6)
  2 sky beasts
  2 centaurs (D:7)
  2 phantoms
  A bullfrog (D:7)
  Dowan (D:7)
  2 scorpions
  4 killer bees (D:7)
  3 wights
  A howler monkey (D:6)
  A hound (D:7)
  2 jellies
  An orc priest (D:8)
  2 bullfrog skeletons
  2 orc wizards
  An iguana (D:5)
  9 worker ants
  6 gnolls
  11 adders
  A river rat (D:4)
  A shadow imp (D:6)
  2 ufetubi
  4 oozes
  2 adder skeletons
  3 worms
  2 dart slugs
  5 leopard geckos
  15 orcs
  A ball python (D:3)
  12 giant cockroaches (D:3)
  7 goblins
  10 hobgoblins
  6 jackals
  8 kobolds
  3 quokkas
  10 bats
  4 frilled lizards
  A jackal skeleton (D:4)
  A leopard gecko zombie (D:8)
  14 rats
171 creatures vanquished.

Notes
Turn   | Place    | Note
-------+----------+-------------------------------------------
     0 | D:1      | kae the Demonspawn Monk began the quest for the Orb.
     0 | D:1      | Reached XP level 1. HP: 18/18 MP: 1/1
   353 | D:1      | Reached skill level 3 in Unarmed Combat
   385 | D:1      | Gained mutation: You are partially covered in razor-sharp
                  | scales. (AC +1, Slay +1) [demonic ancestry]
   385 | D:1      | Reached XP level 2. HP: 23/24 MP: 2/2
   782 | D:1      | Reached XP level 3. HP: 29/29 MP: 3/3
  2229 | D:2      | Gained mutation: Your demonic aura sometimes causes spilled
                  | blood to erupt in flames [demonic ancestry]
  2229 | D:2      | Reached XP level 4. HP: 36/36 MP: 4/4
  2245 | D:2      | Reached skill level 4 in Unarmed Combat
  2414 | D:2      | Reached skill level 1 in Shields
  3973 | D:3      | Reached XP level 5. HP: 39/42 MP: 5/5
  4267 | D:4      | Noticed a phantom
  4310 | D:3      | Killed a phantom
  4685 | D:4      | Found a broken altar of Ashenzari.
  4685 | D:4      | Found a faded altar of an unknown god.
  4694 | D:4      | Found a basalt altar of Yredelemnul.
  4696 | D:4      | Found a faded altar of an unknown god.
  4698 | D:4      | Found an ancient bone altar of Kikubaaqudgha.
  5092 | D:4      | Gained mutation: You have a pair of small horns on your
                  | head. [demonic ancestry]
  5092 | D:4      | Reached XP level 6. HP: 48/48 MP: 6/6
  5310 | D:4      | Reached skill level 5 in Unarmed Combat
  5365 | D:4      | Noticed Sigmund
  5368 | D:4      | Killed Sigmund
  5914 | D:5      | Entered Level 5 of the Dungeon
  5918 | D:5      | Found a staircase to the Ecumenical Temple.
  5976 | D:5      | Gained mutation: You have a pair of horns on your head.
                  | [demonic ancestry]
  5976 | D:5      | Reached XP level 7. HP: 45/55 MP: 7/7
  6060 | Temple   | Entered the Ecumenical Temple
  6538 | Temple   | Became a worshipper of Uskayaw the Reveller
  6538 | Temple   | Reached * piety under Uskayaw
  6791 | D:5      | Reached ** piety under Uskayaw
  7111 | D:5      | Found a snail-covered altar of Cheibriados.
  7182 | D:5      | You fall into a shaft and drop 2 floors!
  7187 | D:7      | Reached skill level 5 in Fighting
  7187 | D:7      | Reached skill level 1 in Invocations
  7192 | D:7      | Reached *** piety under Uskayaw
  7198 | D:7      | Reached skill level 6 in Unarmed Combat
  7944 | D:6      | Gained mutation: Your demonic aura often causes spilled
                  | blood to erupt in flames [demonic ancestry]
  7944 | D:6      | Reached XP level 8. HP: 31/63 MP: 8/10
  9051 | D:6      | Reached skill level 7 in Unarmed Combat
  9283 | D:6      | Found Hiusuisu's Antique Weapon Boutique.
  9459 | D:7      | Found a burning altar of Makhleb.
  9794 | D:7      | Reached **** piety under Uskayaw
  9952 | D:7      | Noticed Duvessa
  9954 | D:7      | Noticed Dowan
 10248 | D:7      | Reached skill level 5 in Invocations
 10251 | D:7      | Killed Duvessa
 10254 | D:7      | Killed Dowan
 10255 | D:7      | Reached XP level 9. HP: 37/71 MP: 12/12
 10447 | D:7      | Found an iron altar of Okawaru.
 10458 | D:7      | Reached skill level 8 in Unarmed Combat
 10587 | D:7      | Found Penogh Qenox's Armour Boutique.
 10762 | D:7      | Found Somy's General Store.
 11034 | D:7      | Found Xaleikh's General Store.
 11039 | D:7      | Bought a scroll of identify for 28 gold pieces
 11127 | D:7      | Found Pauc's Distillery.
 11130 | D:7      | Bought a potion of degeneration for 12 gold pieces
 11130 | D:7      | Bought a potion of lignification for 36 gold pieces
 11130 | D:7      | Bought a potion of might for 48 gold pieces
 11170 | D:8      | HP: 3/71 [something/magic dart (7)]
 11698 | D:8      | Noticed a gargoyle
 11944 | D:8      | Slain by a gargoyle

Illustrated notes

Levels and vault maps discovered:
D:1:      dpeg_arrival_chambers_temple_mockup, layout_loops_ring
D:2:      layout_loops_corners
D:3:      minmay_roachtagon, layout_basic, serial_curves, eino_curves_01,
          eino_curves_02, eino_curves_03, eino_curves_04
D:4:      layout_loops_corners, chequers_temple_overflow_minitemple,
          portal_sewer_entry_e, uniq_sigmund
D:5:      layout_loops_cross, lemuel_coloured_pillars_altar,
          minmay_temple_entry_slanted
D:6:      layout_cave_pods, serial_shops, nicolae_shop_waterfront
D:7:      layout_loops_ring, okawaru_humans, lemuel_crystal_altar, serial_shops,
          kennysheep_mini, shop, nicolae_shop_trees, shop, uniq_duvessa
D:8:      layout_basic, lair_entry_dummy, serial_ice, serial_ice_j,
          serial_ice_o, serial_ice_d, serial_ice_a, serial_ice_c, serial_ice_n,
          uniq_psyche
Temple:   regret_index_temple_sphere_string

Skill      XL: |  1  2  3  4  5  6  7  8  9 |
---------------+----------------------------+-----
Unarmed Combat | 3 4 5 6 7 8 |  8.6
Shields        | 1 2 3 4 |  4.0
Fighting       | 4 5 6 |  6.9
Invocations    | 2 5 6 |  6.1
Dodging        | |  2.6
Stealth        | |  1.7

Action                   |  1- 3 |  4- 6 |  7- 9 || total
-------------------------+-------+-------+-------++-------
Melee: Unarmed           |   145 |   291 |   303 ||   739
       Punch             |     1 |       |       ||     1
       Headbutt          |       |    12 |    66 ||    78
Invok: Stomp             |       |       |     2 ||     2
  Use: Scroll            |     4 |     6 |     6 ||    16
       Potion            |       |     1 |       ||     1
 Stab: Sleeping          |     4 |     7 |     3 ||    14
       Paralysed         |       |       |     8 ||     8
       Distracted        |       |       |     1 ||     1
Armor: Robe              |    23 |    53 |    39 ||   115
Dodge: Dodged            |    72 |   168 |   144 ||   384
Block: Buckler           |    16 |   113 |    96 ||   225

Table legend: (Time is in decaauts)
 A = Elapsed time spent in this place.
 B = Non-inter-level travel time spent in this place.
 C = Inter-level travel time spent in this place.
 D = Time resting spent in this place.
 E = Time spent auto-exploring this place.
 F = Levels seen in this place.
 G = Mean time per level.
                   A        B        C        D        E       F      G
               +--------+--------+--------+--------+--------+-----+--------+
         Total |  11906 |  11563 |    343 |   2998 |   7097 |   9 | 1322.9 |
       Dungeon |  11414 |  11112 |    302 |   2998 |   6659 |   8 | 1426.8 |
        Temple |    491 |    450 |     41 |      0 |    438 |   1 |  491.0 |
               +--------+--------+--------+--------+--------+-----+--------+

Top non-repeatable levels by time:
     D:7: 2516 daAuts
     D:6: 1814 daAuts
     D:1: 1685 daAuts
     D:4: 1491 daAuts
     D:2: 1432 daAuts
     D:3: 1342 daAuts
     D:5: 894 daAuts
  Temple: 491 daAuts
     D:8: 238 daAuts
